 Dungeon Crawl Stone Soup version 0.27-a0-489-g24c7b1a3ef (webtiles) character file.

Game seed: 7679046485886901729

9 dickylongcocking the Sneak (level 2, -3/21 HPs)
             Began as an Octopode Delver on Mar 2, 2021.
             Was an Initiate of Wu Jian.
             Shot with an arrow by a centaur (10 damage)
             ... on level 5 of the Dungeon.
             The game lasted 00:00:37 (150 turns).

dickylongcocking the Sneak (Octopode Delver)         Turns: 150, Time: 00:00:37

Health: -3/21      AC:  1    Str: 11    XL:     2   Next: 16%
Magic:  2/2        EV: 13    Int: 12    God:    Wu Jian [......]
Gold:   0          SH:  0    Dex: 13    Spells: 1/1 levels left

rFire    . . .     SeeInvis .     - Unarmed
rCold    . . .     Faith    .   (no shield)
rNeg     . . .     Spirit   .   (helmet restricted)
rPois    .         Reflect  .   (no amulet)
rElec    .         Harm     .   (no ring)
rCorr    .         Rampage  .   (no ring)
Will     .....                  (no ring)
Stlth    ++++......             (no ring)
HPRegen  0.07/turn              (no ring)
MPRegen  0.08/turn              (no ring)
                                (no ring)
                                (no ring)

@: no status effects
A: almost no armour, stealthy swim, amphibious, 8 rings, constrict 8, camouflage
1, gelatinous body 1
a: Renounce Religion


You were on level 5 of the Dungeon.
You worshipped Wu Jian.
Wu Jian was noncommittal.
You visited 1 branch of the dungeon, and saw 1 of its levels.

Inventory:

Wands
 e - a wand of digging (3)
Scrolls
 a - a scroll of fog
 b - a scroll of teleportation {unknown}
 c - a scroll of fear
Potions
 d - a potion of haste
 f - a potion of brilliance {unknown}
 g - 2 potions of curing {unknown}


   Skills:
 - Level 3.0 Fighting
 - Level 2.0 Dodging
 + Level 6.8 Stealth
 * Level 2.5 Unarmed Combat


You had one spell level left.
You didn't know any spells.
Your spell library was empty.

Dungeon Overview and Level Annotations

Branches:
Dungeon (5/15)             Temple (0/1) D:5

Altars:
Wu Jian


Innate Abilities, Weirdness & Mutations

You cannot wear most types of armour.
You are very stealthy in the water. (Stealth+)
You are amphibious.
You can wear up to eight rings at the same time.
You can use your tentacles to constrict eight enemies at once.
Your skin changes colour to match your surroundings (Stealth+).
Your rubbery body absorbs attacks. (AC +1, EV +1)


Message History

A water moccasin zombie comes into view.
Found a staircase to the Ecumenical Temple.
Found 18 bolts.
You see here 18 bolts.
Found 25 bolts.
An adder comes into view.
Found a scroll labelled BYGOEKL QAENA.
The adder hisses angrily.
A jackal zombie comes into view.
You barely miss the adder. You grab the adder. You constrict the adder.
The adder closely misses you.
You tentacle-slap the adder but do no damage.
You squeeze the adder.
The adder is moderately wounded.
You constrict the adder. The adder completely misses you.
You tentacle-slap the adder. Your squeeze misses the adder.
The adder is almost dead.
You constrict the adder.
You kill the adder!
The Council accepts your kill.
You have reached level 2!
You lunge at the jackal zombie.
You tentacle-slap the jackal zombie. Your grab misses the jackal zombie.
The jackal zombie is heavily damaged.
The jackal zombie bites you but does no damage.
The jackal zombie barely misses you.
You tentacle-slap the jackal zombie.
You destroy the jackal zombie!
The Council accepts your kill.
A centaur comes into view.
Found a trident.
Found a stone staircase leading up.
The centaur shouts!
You hear a shout!
The centaur wields a +0 shortbow.
The centaur shoots an arrow.
The arrow closely misses you.
A centaur comes into view.
Found 18 stones.
The centaur shoots an arrow.
The arrow hits you!
Ouch! That really hurt!
The centaur shoots an arrow.
The arrow hits you!
You die...

.....## ***,*** ******#.##.#
....## *,.,..* *,,,,,...... ....#
*,*.#.* *,****#.##.# ?...###
*,*.#.******,****#.#*.# ......#
*,*,<.,,,,,,,,,,,W..,,, ....#.#
*,**#.###***,****#.#*** #..##.#
#.###...,,,,,,,,,^,,,,,
#.###.#####......#***,#**,**,*,**
#.# #.....#****#@####.###,**,*,**
#.# #####.# ##.........,,,,,,**
#.# #.# #..##.###.#*,*,*,** #.#**
#.# #........),,,,,*,,, ,,,,* #.#
#..##.#.##,*,*,*,** ,,,,* #.#
#..##...cc,,,*,,,** ,,,,*
###.#####.....#.#..,,,,*,** ,,,,*
#..........##.#,..(,,*,*,,, ,,,,*
#.##.#.###.#*,..*.,,,,,,,**


You could see 2 centaurs.

Vanquished Creatures
  An adder (D:5)
  A jackal zombie (D:5)
2 creatures vanquished.

Notes
Turn   | Place    | Note
-------+----------+-------------------------------------------
     0 | D:5      | dickylongcocking the Octopode Delver began the quest for
                  | the Orb.
     0 | D:5      | Reached XP level 1. HP: 16/16 MP: 1/1
    22 | D:5      | Noticed a phantom
    47 | D:5      | Noticed an ogre
    61 | D:5      | Found an ornate altar of the Wu Jian Council.
    66 | D:5      | Became a worshipper of the Wu Jian Council
    92 | D:5      | Noticed a water moccasin zombie
    93 | D:5      | Found a staircase to the Ecumenical Temple.
   118 | D:5      | Reached XP level 2. HP: 21/21 MP: 2/2
   144 | D:5      | Noticed a centaur
   149 | D:5      | Noticed a centaur
   150 | D:5      | Shot with an arrow by a centaur

Illustrated notes

Levels and vault maps discovered:
D:5:      layout_loops_cross, fiery_altar_vehumet, kennysheep_little_box,
          minmay_temple_entry_ruins, minmay_diced_spiral, uniq_blork_the_orc,
          uniq_crazy_yiuf_cottage

Action                   || total
-------------------------++-------
Melee: Unarmed           ||     5
       Constrict         ||     1
       Tentacles         ||     1
Invok: Lunge             ||     1
  Use: Scroll            ||     1
Armor: Skin              ||     1
Dodge: Dodged            ||     4

Table legend: (Time is in decaauts)
 A = Elapsed time spent in this place.
 B = Non-inter-level travel time spent in this place.
 C = Inter-level travel time spent in this place.
 D = Time resting spent in this place.
 E = Time spent auto-exploring this place.
 F = Levels seen in this place.
 G = Mean time per level.
                   A        B        C        D        E       F      G
               +--------+--------+--------+--------+--------+-----+--------+
         Total |    149 |    149 |      0 |      0 |     20 |   1 |  149.0 |
       Dungeon |    149 |    149 |      0 |      0 |     20 |   1 |  149.0 |
               +--------+--------+--------+--------+--------+-----+--------+

Top non-repeatable levels by time:
     D:5: 149 daAuts
